 Dungeon Crawl Stone Soup version 0.21-a0-630-g344d351 (webtiles) character file.

144 Amnesiac the Grave Robber (level 5, -8/41 HPs)
             Began as a Mummy Necromancer on Dec 26, 2017.
             Killed from afar by Sigmund (11 damage)
             ... with a puff of flame
             ... on level 2 of the Dungeon.
             The game lasted 00:04:58 (2398 turns).

Amnesiac the Grave Robber (Mummy Necromancer)       Turns: 2398, Time: 00:04:59

Health: -8/41      AC:  3    Str: 11    XL:     5   Next: 5%
Magic:  9/9        EV: 13    Int: 16    God:
Gold:   93         SH:  0    Dex: 12    Spells: 6/10 levels left

rFire    . . .     SeeInvis .   f - +0 hunting sling
rCold    + . .     Gourm    .   (no shield)
rNeg     + + +     Faith    .   a - +0 robe
rPois    ∞         Spirit   .   e - +0 helmet
rElec    .         Reflect  .   (no cloak)
rCorr    .         Harm     .   (no gloves)
MR       .....                  (no boots)
Stlth    ++........             (no amulet)
HPRegen  0.13/turn              c - ring of protection from fire
MPRegen  0.11/turn              (no ring)

@: no status effects
A: no food or potions, fire vulnerability, cold resistance 1, negative energy
resistance 3, torment resistance, unbreathing
a: no special abilities


You were on level 2 of the Dungeon.
You were not hungry.

You visited 1 branch of the dungeon, and saw 3 of its levels.

You collected 93 gold pieces.

Inventory:

Hand Weapons
 f - a +0 hunting sling (weapon)
 m - a +3 falchion
Missiles
 g - 42 sling bullets (quivered)
 h - 38 stones
 j - 9 poisoned needles
Armour
 a - a +0 robe (worn)
 e - a +0 helmet (worn)
Jewellery
 c - a ring of protection from fire (left hand)
 i - an uncursed ring of magical power {unknown}
Scrolls
 d - 2 scrolls of identify {!r, unknown}
 k - a scroll of enchant weapon {!r, unknown}
 l - a scroll of noise {!r, unknown}
Books
 b - a book of Necromancy

   Spells                             Type                      Level
   a - Pain                           Necromancy                   1
   b - Animate Skeleton               Necromancy                   1
   c - Vampiric Draining              Necromancy                   3
   d - Regeneration                   Charms/Necromancy            3
   e - Animate Dead                   Necromancy                   4
   f - Borgnjor's Vile Clutch         Necromancy/Earth             5


   Skills:
 - Level 3.0 Fighting
 + Level 2.7 Dodging
 - Level 1.5 Stealth
 - Level 3.0 Spellcasting
 - Level 4.5 Necromancy


You had 6 spell levels left.
You knew the following spells:

 Your Spells              Type           Power        Failure   Level  Hunger
a - Pain                  Necr           ###.         3%          1    N/A
d - Vampiric Draining     Necr           ###.......   9%          3    N/A

Dungeon Overview and Level Annotations

Branches:
Dungeon (3/15)

Altars:

Annotations:
D:2 Sigmund


Innate Abilities, Weirdness & Mutations

You do not eat or drink.
Your flesh is vulnerable to fire.
You are immune to poison.
Your flesh is cold resistant. (rC+)
You are immune to negative energy. (rN+++)
You are immune to unholy pain and torment.
You can survive without breathing.


Message History

Firing (i - inventory. (,) - cycle):
g - 45 sling bullets (quivered)
Press: ? - help, Shift-Dir - straight line, f/p - wight
Aim: a wight, wielding a great sword and wearing a robe You shoot a sling bullet.
The sling bullet closely misses the wight.
The wight hits you with a great sword.
You see here a bat corpse.
Firing (i - inventory. (,) - cycle):
g - 44 sling bullets (quivered)
Press: ? - help, Shift-Dir - straight line, f/p - wight
Aim: a wight, wielding a great sword and wearing a robe You shoot a sling bullet.
The sling bullet barely misses the wight.
The wight hits you with a great sword!
* * * LOW HITPOINT WARNING * * *
Firing (i - inventory. (,) - cycle):
g - 43 sling bullets (quivered)
Press: ? - help, Shift-Dir - straight line, f/p - wight
Aim: a wight, wielding a great sword and wearing a robe You shoot a sling bullet.
The sling bullet hits the wight but does no damage.
Firing (i - inventory. (,) - cycle):
g - 42 sling bullets (quivered)
Press: ? - help, Shift-Dir - straight line, f/p - wight
Aim: a wight, wielding a great sword and wearing a robe You shoot a sling bullet.
The sling bullet hits the wight.
The wight is moderately damaged.
The wight hits you with a great sword.
* * * LOW HITPOINT WARNING * * *
The wight barely misses you.
You hear the rusting of a very distant drain.
Things that are here:
an enchanted falchion; a robe; a sling bullet
m - an enchanted falchion;
g - 42 sling bullets (gained 1)
You see here a sling bullet.
Found a stone staircase leading up.
You see here a robe.
You see here a sling bullet.
The wight closely misses you.
Sigmund the Dreaded comes into view.
He is wielding an enchanted scythe.
A kobold comes into view. It is wielding a short sword.
Sigmund shouts!
You hear a shout!
The kobold unwields an uncursed short sword.
The kobold wields a blowgun.
The kobold shoots a poisoned needle.
The poisoned needle hits you!
You see here a poisoned needle.
Sigmund hits you but does no damage. Sigmund casts a spell at you.
The magic dart hits you!
* * * LOW HITPOINT WARNING * * *
There is a stone staircase leading up here.
The kobold shoots a poisoned needle.
The poisoned needle hits you! Sigmund barely misses you.
You climb upwards.
There is a stone staircase leading down here.
Sigmund hits you from afar with an enchanted scythe!
* * * LOW HITPOINT WARNING * * *
You can't drink.
Okay, then.
You aren't carrying any items that you can evoke.
Unknown command.
Sigmund zaps a wand.
The puff of flame hits you!
* * * LOW HITPOINT WARNING * * *
It is a wand of flame (10).
Sigmund points at you and mumbles some strange words.
The puff of flame hits you!
You die...

##.# #. #..# # #. ##.# ##
#.#.###@># #.)#
....##.#.#...## #...#
##.#......#.######.)..#
...........@..##....# #
#..#....####@.....##..
.###.#....@...##.......
.........####.......##
##..<....#....[###
##..###....)..#
#..###.......### . .##.#
#...(.##...#...##.. .!.. #
##.##)!.....##.....#
.....## #.#...#[#.....###.#
#..#.!####.#..)..#.........


You could see Sigmund.

Vanquished Creatures
  A wight (D:3)
  An orc priest (D:1)
  2 adders
  2 worms (D:1)
  4 dart slugs
  2 leopard geckos
  4 orcs (D:2)
  5 bats
  2 goblins (D:1)
  3 hobgoblins
  2 jackals (D:1)
  A quokka (D:3)
  3 frilled lizards
  4 kobolds
  4 rats (D:1)
40 creatures vanquished.

Notes
Turn   | Place    | Note
-------+----------+-------------------------------------------
     0 | D:1      | Amnesiac the Mummy Necromancer began the quest for the Orb.
     0 | D:1      | Reached XP level 1. HP: 13/13 MP: 4/4
   235 | D:1      | Reached XP level 2. HP: 4/19 MP: 0/6
   919 | D:1      | Reached skill level 1 in Fighting
  1361 | D:1      | Reached XP level 3. HP: 26/26 MP: 7/7
  1883 | D:1      | Learned a level 3 spell: Vampiric Draining
  1952 | D:1      | Reached XP level 4. HP: 23/34 MP: 1/8
  2159 | D:2      | You fall through a shaft!
  2322 | D:3      | Reached XP level 5. HP: 26/41 MP: 9/9
  2383 | D:3      | Noticed Sigmund
  2398 | D:2      | Killed from afar by Sigmund

Vault maps used:
D:1:      dpeg_chamrin_arrival_tetris, serial_forest,
          infiniplex_forest_end_double, infiniplex_forest_lined_2,
          infiniplex_forest_zigzag_2, infiniplex_forest_diagonal,
          infiniplex_forest_lined_room_2
D:3:      minitemple, portal_sewer_entry_f, grunt_decor_arrowhead, uniq_sigmund

Skill      XL: |  1  2  3  4 |
---------------+-------------+-----
Spellcasting   | 3 |  3.0
Fighting       | 1 2 3 |  3.0
Dodging        | 2 |  2.7
Stealth        | |  1.5
Necromancy     | |  4.5

Action                   |  1- 3 |  4- 6 || total
-------------------------+-------+-------++-------
 Fire: Hunting sling     |    22 |    48 ||    70
 Cast: Pain              |    51 |     9 ||    60
       Vampiric Draining |     1 |     1 ||     2
Armor: Robe              |     3 |     6 ||     9
Dodge: Dodged            |    18 |    29 ||    47

Table legend:
 A = Spawn XP
 B = Non-spawn XP
 C = Spawn XP percentage of total XP
 D = Spawn monster count
 E = Non-spawn monster count
 F = Spawn count percentage of total count
 G = Total turns spent on level
                    A         B        C        D         E        F      G
               +---------+---------+-------+---------+---------+-------+---------
         Total |       0 |     206 |   0.0 |       0 |      40 |   0.0 |  2398
               +---------+---------+-------+---------+---------+-------+---------
           D:1 |       0 |     100 |   0.0 |       0 |      23 |   0.0 |  1996
           D:2 |       0 |      25 |   0.0 |       0 |      10 |   0.0 |   173
           D:3 |       0 |      81 |   0.0 |       0 |       7 |   0.0 |   229
               +---------+---------+-------+---------+---------+-------+---------
